 Dungeon Crawl Stone Soup version 0.30.1-11-g7821555f0a (webtiles) character file.

Game seed: 13735257310271594719

64 KittyFluff the Trooper (level 4, -1/29 HPs)
             Began as a Gargoyle Berserker on Oct 29, 2023.
             Was a Believer of Trog.
             Slain by Grinder (6 damage)
             ... on level 3 of the Dungeon.
             The game lasted 00:09:09 (2541 turns).

KittyFluff the Trooper (Gargoyle Berserker)         Turns: 2541, Time: 00:09:10

Health: -1/29      AC:  9    Str: 22    XL:     4   Next: 12%
Magic:  4/4        EV: 11    Int:  8    God:    Trog [**....]
Gold:   109        SH:  0    Dex:  9    Spells: 3/3 levels left

rFire   . . .        a - +0 mace
rCold   . . .        (no shield)
rNeg    + . .        h - +0 leather armour
rPois   ∞            d - +0 helmet
rElec   +            m - +0 cloak
rCorr   .            (no gloves)
SInv    .            (no boots)
Will    .....        (no amulet)
Stlth   +            k - ring of flight
HPRegen 0.24/turn    (no ring)
MPRegen 0.09/turn

%: no passive effects
@: flying
A: sickness immunity, AC +3, negative energy resistance 1, electricity
resistance, torment resistance 1, petrification resistance
a: Renounce Religion, Berserk, Trog's Hand


You were on level 3 of the Dungeon.
You worshipped Trog.
Trog was pleased with you.
You visited 1 branch of the dungeon, and saw 3 of its levels.

You collected 109 gold pieces.

Inventory:

Hand Weapons
 a - a +0 mace (weapon)
 j - a +0 sling
Armour
 d - a +0 helmet (worn)
 h - a +0 leather armour (worn)
 m - a +0 cloak (worn)
 n - the +3 plate armour "Qoxzull" {rPois rN+}
   (You found it on level 2 of the Dungeon)

   rPois:     It protects you from poison.
   rN:        It protects you from negative energy.
Jewellery
 k - a ring of flight (left hand)
Scrolls
 b - a scroll of fog {unknown}
 e - a scroll of identify
 l - a scroll of enchant armour {unknown}
 p - 3 scrolls of silence {unknown}
Potions
 c - 2 potions of mutation
 f - a potion of magic
 g - 4 potions of degeneration
 i - a potion of cancellation
 o - a potion of berserk rage


   Skills:
 + Level 3.7 Fighting
 * Level 3.6 Maces & Flails
 * Level 3.2 Armour
 + Level 2.0 Dodging


You had 3 spell levels left.
You didn't know any spells.
Your spell library was empty.

Dungeon Overview and Level Annotations

Branches:
Dungeon (3/15)

Altars:

Annotations:
D:3 Grinder


Innate Abilities, Weirdness & Mutations

You are immune to sickness and miasma.
Your stone body is resilient. (AC +3)
You are immune to poison.
You resist negative energy. (rN+)
You are resistant to electric shocks. (rElec)
You are resistant to unholy torment.
You are immune to petrification.


Message History

Grinder blinks!
You can move again.
There is a stone staircase leading up here.
You fly upwards.
There is a stone staircase leading down here.
You start resting.
HP restored.
You fly downwards.
Level annotation: Grinder
There is a stone staircase leading up here.
Throw: 2 darts (poison)
Press: ? - help, Q - select action, (/) - cycle Shift-Dir - straight line, f - Grinder
Aim: Grinder (moderately wounded, 50% to hit)
You throw a poisoned dart.
The poisoned dart barely misses Grinder.
Grinder blinks!
Throw: dart (poison)
Press: ? - help, Q - select action, (/) - cycle Shift-Dir - straight line, f/p - Grinder
Aim: Grinder (moderately wounded, 50% to hit)
You throw a poisoned dart.
The poisoned dart closely misses Grinder.
Grinder says, "Just stop there for a second..."
Grinder blinks!
Grinder gestures at you. Pain shoots through your body!
You hit Grinder.
Grinder is moderately wounded.
Grinder hits you.
You writhe in agony.
You barely miss Grinder.
Grinder is moderately wounded.
Grinder gestures at you.
You suddenly lose the ability to move!
Grinder hits you.
You writhe in agony.
Grinder hits you!
* * * LOW HITPOINT WARNING * * *
You can move again.
You closely miss Grinder.
Grinder is moderately wounded.
Grinder hits you.
You die...

#### #.# ..( ###.. ....
..##... .# ...<. ..#..# .#
....... ##....# .# .>......#
#.....######.###
...§....#####.#5#.##.......#
......5.#(......@.##.......#
...........................#
..........####..).##.......#
##.....##.####..>.##########
.###..............#
.........##.......#
#.....#............#
.....l......##.......
......................


You could see Grinder.

Vanquished Creatures
  2 adders (D:2)
  A worm (D:2)
  4 orcs
  2 ball pythons
  2 bats
  6 endoplasms
  A giant cockroach (D:2)
  A goblin (D:1)
  2 hobgoblins
  4 jackals
  3 kobolds
  A quokka (D:3)
  4 frilled lizards (D:2)
  3 rats (D:1)
36 creatures vanquished.

Notes
Turn   | Place    | Note
-------+----------+-------------------------------------------
     0 | D:1      | KittyFluff the Gargoyle Berserker began the quest for the
                  | Orb.
     0 | D:1      | Reached XP level 1. HP: 14/14 MP: 1/1
   549 | D:1      | Reached XP level 2. HP: 15/19 MP: 2/2
  1424 | D:2      | Reached XP level 3. HP: 23/23 MP: 3/3
  1671 | D:2      | Identified the +3 plate armour "Qoxzull" {rPois rN+}
  1888 | D:2      | Reached ** piety under Trog
  2175 | D:2      | Reached XP level 4. HP: 18/29 MP: 4/4
  2342 | D:3      | Noticed Grinder
  2421 | D:3      | Paralysed by Grinder for 2 turns
  2433 | D:3      | Paralysed by Grinder for 5 turns
  2538 | D:3      | Paralysed by Grinder for 3 turns
  2541 | D:3      | Slain by Grinder

Illustrated notes

Levels and vault maps discovered:
D:1:      minmay_arrival_hallway, layout_loops_corners
D:2:      wad_crossroads, layout_loops_corners
D:3:      layout_rooms, serial_shops, shop_fountains, minmay_splitting_lines,
          uniq_grinder

Skill      XL: |  1  2  3 |
---------------+----------+-----
Armour         | 3 |  3.2
Dodging        | 2 |  2.0
Fighting       | |  3.7
Maces & Flails | |  3.6

Action                     |  1- 3 |  4- 6 || total
---------------------------+-------+-------++-------
  Melee: Mace              |   102 |    34 ||   136
         Punch             |     1 |     1 ||     2
  Throw: Dart              |       |     2 ||     2
    Use: Scroll            |     5 |       ||     5
 Armour: Animal skin       |     6 |       ||     6
         Leather armour    |    46 |    18 ||    64
  Dodge: Dodged            |    87 |    27 ||   114
